 Dungeon Crawl Stone Soup version 0.31-a0-271-gb88eb75e06 (webtiles) character file.

Game seed: 16578392126226438631

116 qw the Shooter (level 5, -1/30 HPs)
             Began as a Gargoyle Hexslinger on July 14, 2023.
             Slain by an iguana (7 damage)
             ... on level 4 of the Dungeon.
             The game lasted 00:00:50 (1960 turns).

qw the Shooter (Gargoyle Hexslinger)                Turns: 1960, Time: 00:00:51

Health: -1/30      AC: 12    Str: 11    XL:     5   Next: 0%
Magic:  6/6        EV: 10    Int: 14    God:
Gold:   101        SH:  0    Dex: 14    Spells: 5/6 levels left

rFire   . . .        Y - +1 sling
rCold   . . .        (no shield)
rNeg    + . .        h - +0 ring mail
rPois   inf          c - +0 helmet
rElec   +            g - +0 cloak
rCorr   .            (no gloves)
SInv    .            d - +0 pair of boots
Will    .....        (no amulet)
Stlth   +            (no ring)
HPRegen 0.25/turn    (no ring)
MPRegen 0.10/turn

%: no passive effects
@: no status effects
A: sickness immunity, AC +4, negative energy resistance 1, electricity
resistance, torment resistance 1, petrification resistance
a: no special abilities


You were on level 4 of the Dungeon.
You visited 1 branch of the dungeon, and saw 4 of its levels.

You collected 101 gold pieces.


Innate Abilities, Weirdness & Mutations

You are immune to sickness and miasma.
Your stone body is resilient. (AC +4)
You are immune to poison.
You resist negative energy. (rN+)
You are resistant to electric shocks. (rElec)
You are resistant to unholy torment.
You are immune to petrification.


   Skills:
 - Level 2.0 Fighting
 + Level 4.4 Ranged Weapons
 - Level 1.4 Armour
 - Level 1.5 Dodging
 - Level 1.0 Spellcasting
 - Level 2.6 Hexes


You had 5 spell levels left.
You knew the following spells:

 Your Spells              Type           Power      Damage    Failure   Level
a - Slow                  Hex            32%        N/A       21%         1

Your spell library contained the following spells:

 Spells                   Type           Power      Damage    Failure   Level
 Inner Flame              Hex/Fire       4%         N/A       71%         3
 Portal Projectile        Hex/Tloc       8%         N/A       71%         3
 Cause Fear               Hex            4%         N/A       90%         4

Inventory:

Hand Weapons
 Y - a +1 sling (weapon)
Armour
 c - a +0 helmet (worn)
 d - a +0 pair of boots (worn)
 g - a +0 cloak (worn)
 h - a +0 ring mail (worn)
Scrolls
 e - a scroll of teleportation
 i - a scroll of amnesia {unknown}
Potions
 a - a potion of cancellation {unknown}
 b - 2 potions of degeneration {unknown}
 f - a potion of resistance {unknown}
 j - a potion of curing {unknown}

Dungeon Overview and Level Annotations

Branches:
Dungeon (3/15)

Altars:
Ashenzari

Shops:
D:1 (


Message History

The sling bullet hits the kobold but does no damage.
The kobold hits you but does no damage.
You shoot a sling bullet. The sling bullet hits the kobold.
You kill the kobold!
You shoot a sling bullet. The sling bullet hits the goblin!
You kill the goblin!
The iguana bites you but does no damage.
The iguana barely misses you.
You have reached level 5!
You shoot a sling bullet.
The sling bullet barely misses the iguana.
The iguana bites you but does no damage.
You shoot a sling bullet. The sling bullet hits the iguana.
The iguana is lightly wounded.
The iguana closely misses you.
You shoot a sling bullet. The sling bullet hits the iguana.
The iguana is lightly wounded.
The iguana bites you but does no damage.
The iguana barely misses you.
You shoot a sling bullet.
The sling bullet hits the iguana but does no damage.
The iguana is lightly wounded.
The iguana bites you!
You shoot a sling bullet. The sling bullet hits the iguana.
The iguana is moderately wounded.
The iguana closely misses you.
You shoot a sling bullet.
The sling bullet closely misses the iguana.
The iguana bites you but does no damage.
The iguana bites you.
You shoot a sling bullet.
The sling bullet closely misses the iguana.
The iguana bites you.
You shoot a sling bullet. The sling bullet hits the iguana.
The iguana is heavily wounded.
The iguana misses you.
You shoot a sling bullet. The sling bullet hits the iguana.
The iguana is severely wounded.
The iguana bites you! x2
You die...

#......#....#
#......#......#....# ...
#......#......#....##...
#......#......#.........
#......#......#........
#......#......'........
#......#......#....##.
#......#.....##.l).#
#......'.....#..@..#
#......#.....#..........
#......#.....#..........
#......#.....+..........
#.....##.....#+#########
#.....######...
#..........#..<
#..........# ..
#..........#


You could see an iguana.

Vanquished Creatures
  An orc priest (D:3)
  2 adders (D:2)
  A worm (D:2)
  4 orcs (D:3)
  3 bats (D:2)
  4 endoplasms
  3 giant cockroaches
  5 goblins
  4 hobgoblins
  9 jackals
  3 kobolds
  A quokka (D:2)
  8 ball pythons
  2 frilled lizards (D:2)
  5 rats
55 creatures vanquished.

Notes
Turn   | Place    | Note
-------+----------+-------------------------------------------
     0 | D:1      | qw the Gargoyle Hexslinger began the quest for the Orb.
     0 | D:1      | Reached XP level 1. HP: 12/12 MP: 2/2
     0 | D:1      | 0 ||| qw: Version: 0.3-a-52-g30416fa
     0 | D:1      | 0 ||| qw: Game counter: 7962
     0 | D:1      | 0 ||| qw: Melee chars always use a shield: true
     0 | D:1      | 0 ||| qw: God list: Okawaru
     0 | D:1      | 0 ||| qw: Allow faded altars: false
     0 | D:1      | 0 ||| qw: Do Orc after clearing Dungeon:15 true
     0 | D:1      | 0 ||| qw: Do second Lair branch before Depths: true
     0 | D:1      | 0 ||| qw: Lair rune preference: random
     0 | D:1      | 0 ||| qw: Goals: Normal
     0 | D:1      | 0 ||| PLANNING D:1-11
   131 | D:1      | Reached XP level 2. HP: 16/16 MP: 3/3
   214 | D:1      | Reached skill level 3 in Ranged Weapons
   417 | D:1      | Found Qoduitri's Antique Weapon Shop.
   724 | D:1      | 724 ||| UPGRADING to +0 pair of boots.
   729 | D:1      | 729 ||| UPGRADING to +0 leather armour.
   739 | D:1      | 739 ||| DROPPING +0 robe.
   740 | D:1      | 740 ||| UPGRADING to +0 ring mail.
   750 | D:1      | 750 ||| DROPPING +0 leather armour.
   751 | D:1      | 751 ||| READING scroll labelled ATOIFI COOSO.
   754 | D:1      | 754 ||| READING scroll labelled BOLOMA WOGG.
   755 | D:1      | 755 ||| READING scroll labelled WAIROF VEGHE.
   756 | D:1      | 756 ||| READING scroll labelled ZIPICL HAGI.
   757 | D:1      | 757 ||| DROPPING scroll of poison.
   807 | D:2      | Reached XP level 3. HP: 21/21 MP: 4/4
   812 | D:2      | Found a faded altar of an unknown god.
   971 | D:2      | 971 ||| Stepping ~*~*~tactically~*~*~ (outnumbered).
   976 | D:2      | Reached skill level 1 in Armour
  1127 | D:2      | Reached XP level 4. HP: 26/26 MP: 5/5
  1552 | D:2      | 1552 ||| UPGRADING to +0 helmet.
  1557 | D:2      | 1557 ||| UPGRADING to +0 cloak.
  1562 | D:2      | 1562 ||| READING scroll labelled RONESHR CUJOHO.
  1785 | D:3      | Reached skill level 4 in Ranged Weapons
  1900 | D:3      | You fall into a shaft and drop 1 floor!
  1903 | D:4      | 1903 ||| PLANNING OSSUARY
  1906 | D:4      | Found a broken altar of Ashenzari.
  1952 | D:4      | Reached XP level 5. HP: 30/30 MP: 6/6
  1960 | D:4      | HP: 6/30 [iguana (10)]
  1960 | D:4      | Slain by an iguana

Levels and vault maps discovered:
D:1:      dpeg_arrival_windows_large_door, layout_basic, serial_glass,
          glass_columns_a, glass_columns_b, serial_shops, shop
D:2:      minmay_evil_eye, layout_loops_ring, basic_ecumenical_altar
D:3:      layout_loops_ring, lemuel_coloured_pillars_altar
D:4:      layout_gridville, nicolae_overflow_crystal_walls,
          overflow_temple_1_default, chequers_temple_overflow_statue_of_worship,
          mainiacjoe_overflow_alcove_2, nicolae_ossuary_entry_false_entrances

Skill      XL: |  1  2  3  4 |
---------------+-------------+-----
Ranged Weapons | 3 4 |  4.4
Fighting       | 2 |  2.0
Armour         | 1 |  1.4
Dodging        | |  1.5
Spellcasting   | |  1.0
Hexes          | |  2.6

Action                     |  1- 3 |  4- 6 || total
---------------------------+-------+-------++-------
   Fire: Sling             |   137 |    76 ||   213
    Use: Scroll            |     4 |     1 ||     5
 Armour: Robe              |    14 |       ||    14
         Ring mail         |    34 |    15 ||    49
  Dodge: Dodged            |    61 |    21 ||    82

Table legend:
 A = Non-vault XP
 B = Vault XP
 C = Vault XP percentage of total XP
 D = Non-vault monster count
 E = Vault monster count
 F = Vault count percentage of total count
                 A         B        C        D         E       F
            +---------+---------+-------+---------+---------+-------
      Total |     138 |      28 |  16.9 |      51 |       4 |   7.3
            +---------+---------+-------+---------+---------+-------
        D:1 |      27 |       0 |   0.0 |      15 |       0 |   0.0
        D:2 |      34 |      28 |  45.2 |      18 |       4 |  18.2
        D:3 |      67 |       0 |   0.0 |      13 |       0 |   0.0
        D:4 |      10 |       0 |   0.0 |       5 |       0 |   0.0
            +---------+---------+-------+---------+---------+-------
